 Dungeon Crawl Stone Soup version 0.21-a0-584-g185da8e (webtiles) character file.

1014 M4edhros the Covert (level 8, -1/51 HPs)
             Began as an Octopode Artificer on Dec 21, 2017.
             Incinerated by p0werm0de's ghost (3 damage)
             ... with a sticky flame
             ... on level 5 of the Dungeon.
             The game lasted 00:08:57 (1237 turns).

M4edhros the Covert (Octopode Artificer)            Turns: 1237, Time: 00:08:58

Health: -1/51      AC:  1    Str: 13    XL:     8   Next: 21%
Magic:  10/10      EV: 20    Int: 13    God:
Gold:   164        SH:  0    Dex: 20    Spells: 7/7 levels left

rFire    . . .     SeeInvis .   r - +2 dagger (venom)
rCold    . . .     Gourm    .   (no shield)
rNeg     . . .     Faith    .   (helmet restricted)
rPois    .         Spirit   .   (no amulet)
rElec    .         Reflect  .   (no ring)
rCorr    .         Harm     .   (no ring)
MR       .....                  (no ring)
Stlth    +++.......             (no ring)
HPRegen  0.17/turn              (no ring)
MPRegen  0.12/turn              (no ring)
                                (no ring)
                                (no ring)

@: agile, liquid flames, glowing
A: almost no armour, stealthy swim, amphibious, 8 rings, constrict 8, tentacle
spike 1, camouflage 1, strong 1, gelatinous body 1
a: no special abilities


You were on level 5 of the Dungeon.
You were not hungry.

You visited 1 branch of the dungeon, and saw 5 of its levels.

You collected 164 gold pieces.

Inventory:

Hand Weapons
 a - a +0 short sword
 o - a +1 vampiric falchion
 r - a +2 dagger of venom (weapon)
 z - a +4 hunting sling
Missiles
 k - 19 stones (quivered)
Wands
 b - a wand of flame (4)
 c - a wand of enslavement (13)
 d - a wand of random effects (6)
 y - a wand of iceblast (1)
Scrolls
 g - a scroll of remove curse
 h - 2 scrolls of teleportation
 p - a scroll of random uselessness {unknown}
 x - a scroll of amnesia {unknown}
Potions
 i - a potion of flight
 n - a potion of might
 v - 2 potions of brilliance
 w - a potion of invisibility
Comestibles
 f - 3 rations


   Skills:
 + Level 2.8 Fighting
 - Level 1.0 Short Blades
 + Level 3.3 Dodging
 + Level 8.5 Stealth
 + Level 5.7 Unarmed Combat
 - Level 3.2 Evocations


You had 7 spell levels left.
You didn't know any spells.

Dungeon Overview and Level Annotations

Branches:
Dungeon (5/15)
 Temple: D:4-7

Altars:
Uskayaw
Xom
The Shining One


Innate Abilities, Weirdness & Mutations

You cannot wear most types of armour.
You are very stealthy in the water. (Stealth+)
You are amphibious.
You can wear up to eight rings at the same time.
You can use your tentacles to constrict eight enemies at once.
Your skin changes colour to match your surroundings (Stealth+).
Your rubbery body absorbs attacks. (AC +1, EV +1)
One of your tentacles bears a spike.
Your muscles are strong. (Str +2)


Message History

Press: ? - help, Shift-Dir - straight line The mass of ice explodes!
The iceblast engulfs p0werm0de's ghost.
You destroy p0werm0de's ghost!
Your Dodging skill increases to level 3!
You have reached level 8!
You are covered in liquid flames!
* * * LOW HITPOINT WARNING * * *
It was a potion of curing.
You feel better.
You are covered in liquid flames!
* * * LOW HITPOINT WARNING * * *
It was a potion of agility.
You feel agile all of a sudden.
You are covered in liquid flames!
* * * LOW HITPOINT WARNING * * *
It was a potion of magic.
Magic courses through your body.
You are covered in liquid flames!
* * * LOW HITPOINT WARNING * * *
Okay, then.
You are covered in liquid flames!
You die...

## #.## ##
#...####### ...
..$....... ... .
#.......# .. ..#.
.......###.####.
....###.#....@.......
#.....#.........###.#
#......#....#####
#....#......####
#..#...........# .#
..###......##.##
#....
#...#....###....
.....
#.#.##...###...##
#.#...
#.....a........
#.#...


There were no monsters in sight!

Vanquished Creatures
  The ghost of p0werm0de the Sneak, a novice OpFE of Cheibriados (D:5)
  Sigmund (D:5)
  Menkaure (D:5)
  A scorpion (D:5)
  A crimson imp (D:4)
  3 hounds (D:5)
  A jelly (D:5)
  An orc wizard (D:4)
  An iguana (D:4)
  4 worker ants
  A worker ant zombie (D:5)
  An adder (D:2)
  2 shadow imps (D:5)
  An ooze (D:5)
  An adder skeleton (D:4)
  A worm (D:4)
  2 dart slugs
  8 orcs
  A giant cockroach (D:4)
  3 goblins
  2 hobgoblins
  2 quokkas
  A ball python (D:1)
  2 bats
  5 frilled lizards
  A goblin zombie (D:4)
  3 hobgoblin zombies (D:4)
  A kobold (D:2)
  A kobold skeleton (D:4)
  3 orc skeletons (D:4)
  An orc zombie (D:4)
  A quokka skeleton (D:5)
59 creatures vanquished.

Vanquished Creatures (collateral kills)
  An orc wizard (D:4)
1 creature vanquished.

Grand Total: 60 creatures vanquished

Notes
Turn   | Place    | Note
-------+----------+-------------------------------------------
     0 | D:1      | M4edhros the Octopode Artificer began the quest for the Orb.
     0 | D:1      | Reached XP level 1. HP: 13/13 MP: 3/3
    84 | D:1      | Reached skill level 2 in Stealth
   119 | D:1      | Reached skill level 1 in Unarmed Combat
   119 | D:1      | Reached XP level 2. HP: 18/18 MP: 4/4
   209 | D:2      | Reached skill level 3 in Stealth
   227 | D:2      | Reached XP level 3. HP: 14/23 MP: 5/5
   242 | D:2      | Found a hide-covered altar of Uskayaw.
   434 | D:4      | Reached skill level 4 in Stealth
   434 | D:4      | Reached XP level 4. HP: 22/28 MP: 6/6
   574 | D:4      | Found a glowing golden altar of the Shining One.
   621 | D:4      | Reached skill level 5 in Stealth
   621 | D:4      | Reached XP level 5. HP: 14/33 MP: 7/7
   744 | D:5      | Entered Level 5 of the Dungeon
   745 | D:5      | Noticed p0werm0de's ghost (novice OpFE)
   775 | D:5      | Noticed Sigmund
   792 | D:5      | Reached XP level 6. HP: 19/38 MP: 8/8
   799 | D:5      | Killed Sigmund
   799 | D:5      | Reached skill level 6 in Stealth
   825 | D:5      | Reached skill level 7 in Stealth
   829 | D:5      | Reached XP level 7. HP: 23/43 MP: 9/9
  1030 | D:4      | Found a shimmering altar of Xom.
  1058 | D:4      | Reached skill level 5 in Unarmed Combat
  1194 | D:5      | Noticed Menkaure
  1201 | D:5      | HP: 3/64 [Menkaure (9)]
  1202 | D:5      | Gained mutation: Your muscles are strong. (Str +2) [potion of mutation]
  1202 | D:5      | Gained mutation: One of your tentacles bears a spike. [potion of mutation]
  1209 | D:5      | Killed Menkaure
  1209 | D:5      | Reached skill level 8 in Stealth
  1233 | D:5      | Killed p0werm0de's ghost
  1233 | D:5      | Reached XP level 8. HP: 16/51 MP: 10/10
  1236 | D:5      | HP: 2/51 [burnt (5)]
  1237 | D:5      | Incinerated by p0werm0de's ghost

Vault maps used:
D:1:      wheals_arrival_shading
D:2:      okawaru_ov_weapons_minmay, eat_drink_and_be_merry_uskayaw,
          first_ration
D:3:      elyvilon_altar_5, serial_park_tiny_pond
D:4:      nicolae_tso_besieged_by_evil, xom_teletrap_fun
D:5:      minmay_diamond_boxcup, feat_on_display, uniq_menkaure, uniq_sigmund,
          uniq_grinder

Skill      XL: |  1  2  3  4  5  6  7 |
---------------+----------------------+-----
Stealth        | 2 3 4 5 7 8 |  8.5
Unarmed Combat | 1 2 3 4 5 |  5.7
Fighting       | 2 |  2.8
Dodging        | 3 |  3.3
Short Blades   | |  1.0
Evocations     | |  3.2

Action                   |  1- 3 |  4- 6 |  7- 9 || total
-------------------------+-------+-------+-------++-------
Melee: Short sword       |    45 |     5 |       ||    50
       Constrict         |    15 |    12 |     8 ||    35
       Tentacles         |     7 |     7 |     7 ||    21
       Dagger            |       |    49 |    36 ||    85
       Punch             |       |     3 |     1 ||     4
Evoke: Wand              |     3 |    10 |    12 ||    25
  Use: Potion            |       |     4 |     6 ||    10
       Scroll            |       |     4 |     2 ||     6
 Stab: Sleeping          |     1 |     4 |     4 ||     9
  Eat: Chunk             |       |       |     1 ||     1
Armor: Skin              |     4 |    35 |    11 ||    50
Dodge: Dodged            |    14 |    15 |    10 ||    39

Table legend:
 A = Spawn XP
 B = Non-spawn XP
 C = Spawn XP percentage of total XP
 D = Spawn monster count
 E = Non-spawn monster count
 F = Spawn count percentage of total count
 G = Total turns spent on level
                    A         B        C        D         E        F      G
               +---------+---------+-------+---------+---------+-------+---------
         Total |       0 |    1449 |   0.0 |       0 |      60 |   0.0 |  1237
               +---------+---------+-------+---------+---------+-------+---------
           D:1 |       0 |      14 |   0.0 |       0 |       9 |   0.0 |   144
           D:2 |       0 |      25 |   0.0 |       0 |       7 |   0.0 |   159
           D:3 |       0 |      10 |   0.0 |       0 |       4 |   0.0 |    71
           D:4 |       0 |     305 |   0.0 |       0 |      25 |   0.0 |   613
           D:5 |       0 |    1095 |   0.0 |       0 |      15 |   0.0 |   250
               +---------+---------+-------+---------+---------+-------+---------
